 Dungeon Crawl Stone Soup version 0.30.0 (webtiles) character file.

Game seed: 17361030281326099644

27 samcosmo the Firebug (level 2, 0/23 HPs)
             Began as a Draconian Fire Elementalist on July 24, 2023.
             Slain by Sigmund
             ... wielding a +0 scythe
              (7 damage)
             ... on level 2 of the Dungeon.
             The game lasted 00:03:03 (1433 turns).

samcosmo the Firebug (Draconian Fire Elementalist)  Turns: 1433, Time: 00:03:03

Health: 0/23       AC:  4    Str: 10    XL:     2   Next: 93%
Magic:  1/5        EV: 12    Int: 15    God:
Gold:   86         SH:  0    Dex: 11    Spells: 3/6 levels left

rFire   . . .        e - +1 dagger (speed)
rCold   . . .        (no shield)
rNeg    + . .        (body armour unavailable)
rPois   .            (helmet restricted)
rElec   .            (no cloak)
rCorr   .            (no gloves)
SInv    .            (no boots)
Will    .....        (no amulet)
Stlth   ++           d - ring of positive energy
HPRegen 0.23/turn    (no ring)
MPRegen 0.09/turn

%: no passive effects
@: no status effects
A: AC +4, unfitting armour, cold-blooded
a: no special abilities


You were on level 2 of the Dungeon.
You visited 1 branch of the dungeon, and saw 2 of its levels.

You collected 86 gold pieces.

Inventory:

Hand Weapons
 e - a +1 dagger of speed (weapon)
Jewellery
 d - a ring of positive energy (left hand)
Scrolls
 b - 2 scrolls of noise {unknown}
 c - a scroll of teleportation {unknown}
 f - a scroll of enchant armour {unknown}
 g - 3 scrolls of identify {unknown}
Potions
 a - a potion of magic


   Skills:
 + Level 1.2 Fighting
 - Level 1.7 Dodging
 - Level 1.7 Stealth
 * Level 2.7 Spellcasting
 - Level 1.0 Conjurations
 + Level 3.3 Fire Magic


You had 3 spell levels left.
You knew the following spells:

 Your Spells              Type           Power      Damage    Failure   Level
a - Foxfire               Conj/Fire      32%        2x1d5     9%          1
b - Scorch                Fire           22%        2d5       9%          2

Your spell library contained the following spells:

 Spells                   Type           Power      Damage    Failure   Level
 Inner Flame              Hex/Fire       7%         N/A       30%         3
 Volatile Blastmotes      Fire/Tloc      14%        2d11      30%         3
 Flame Wave               Conj/Fire      8%         2d5       63%         4
 Manifold Assault         Tloc           2%         N/A       90%         4
 Dispersal                Tloc           1%         N/A       100%        6
 Disjunction              Tloc           1%         N/A       100%        8


Dungeon Overview and Level Annotations

Branches:
Dungeon (2/15)

Altars:

Annotations:
D:2 Sigmund


Innate Abilities, Weirdness & Mutations

Your plain brown scales are hard. (AC +4)
You cannot fit into any form of body armour.
You are cold-blooded and may be slowed by cold attacks.


Message History

There is a stone staircase leading up here.
You conjure some foxfire!
You conjure some foxfire!
Sigmund barely misses you.
Your foxfire dissipates!
Sigmund attacks as you move away! Sigmund closely misses you.
Found a sling.
The foxfire hits Sigmund.
Sigmund is moderately wounded.
The foxfire hits Sigmund but does no damage.
Sigmund is moderately wounded.
The foxfire hits Sigmund.
Sigmund is heavily wounded.
You conjure some foxfire!
Sigmund closely misses you.
You conjure some foxfire!
The foxfire hits Sigmund.
Sigmund is severely wounded.
Sigmund closely misses you.
Your foxfire dissipates!
The foxfire hits Sigmund but does no damage.
Sigmund is severely wounded.
The foxfire hits Sigmund but does no damage.
Sigmund is severely wounded.
You conjure some foxfire!
Sigmund gestures at you while chanting. The puff of flame hits you!
You are too injured to fight recklessly!
The foxfire hits Sigmund.
Sigmund is severely wounded.
The foxfire hits Sigmund.
Sigmund is almost dead.
Sigmund laughs darkly.
A worm comes into view.
Found a scroll labelled DIM BOCIREK.
Sigmund mumbles some strange words.
Sigmund flickers and vanishes!
Deactivating autopickup; reactivate with Ctrl-A.
You see here a +0 sling.
Found a stone staircase leading down.
There is a stone staircase leading down here.
Something hits you. Something hits you!
You die...

.......§ .....w. ......§#
########......
.......###........#...
..........§..§# ##w# ..
##..##.##..##.####..#####...
#. #.###.<.......)....?...
#.# #.#.###..##........ #.#
#.#.###.##>.....### #.#
..#....@......###
.....#####........# #.#..
............#
#<##..####.##...# .....
..##...# .# #####...# ...#
###


You could see a worm.

Vanquished Creatures
  A dart slug (D:1)
  2 ball pythons
  An endoplasm (D:1)
  5 goblins
  6 hobgoblins
  3 kobolds (D:1)
  A frilled lizard (D:1)
  4 rats
23 creatures vanquished.

Vanquished Creatures (others)
  80 foxfires
80 creatures vanquished.

Grand Total: 103 creatures vanquished

Notes
Turn   | Place    | Note
-------+----------+-------------------------------------------
     0 | D:1      | samcosmo the Draconian Fire Elementalist began the quest
                  | for the Orb.
     0 | D:1      | Reached XP level 1. HP: 14/14 MP: 3/3
   303 | D:1      | Reached XP level 2. HP: 22/22 MP: 1/5
   594 | D:1      | Reached skill level 1 in Fighting
   999 | D:1      | Learned a level 2 spell: Scorch
  1305 | D:2      | Noticed Sigmund
  1433 | D:2      | Slain by Sigmund

Illustrated notes

Levels and vault maps discovered:
D:1:      enne_arrival_octagon_isle, layout_basic
D:2:      layout_rooms, basic_altar, uniq_sigmund

Skill      XL: |  1  2 |
---------------+-------+-----
Fighting       | 1 |  1.2
Dodging        | |  1.7
Stealth        | |  1.7
Spellcasting   | |  2.7
Conjurations   | |  1.0
Fire Magic     | |  3.3

Action                     || total
---------------------------++-------
  Melee: Dagger            ||     1
         Unarmed           ||     1
         Tailslap          ||     1
   Cast: Foxfire           ||    50
 Armour: Skin              ||     3
  Dodge: Dodged            ||    14
